ABL
CARLTON BLUES @ SOUTH MELBOURNE SWANS
05/31/2022
 
TOP OF THE 1ST
Carlton Blues batting - Pitching for South Melbourne Swans : RHP Peyton Shackell
Pitching: RHP Peyton Shackell
Batting: RHB Ben Brennan 0-0: Called Strike
0-1: Ball
1-1: Ball
2-1: Foul Ball, location: 2F
2-2: Ball
3-2: Base on Balls
Batting: SHB Terry Heath 0-0: Ball
Ben Brennan steals 2nd base
1-0: Ground out U3 (Groundball, 34, EV 86.3 MPH)
Ben Brennan to third
Batting: RHB Mick Lees 0-0: Foul Ball, location: 2F
0-1: Ball
1-1: SINGLE (Line Drive, 78S, EV 99.4 MPH)
Ben Brennan scores
Batting: LHB Michael Morrall 0-0: Called Strike
0-1: Foul Ball, location: 5FF
0-2: Ball
1-2: Strikes out swinging
Batting: LHB Chris McFadgean 0-0: Ball
1-0: Ball
2-0: Foul Ball, location: 7LMF
2-1: Foul Ball, location: 2F
2-2: Foul Ball, location: 7LSF
2-2: Ball
3-2: Base on Balls
Mick Lees to second
Batting: LHB Hau Kapena 0-0: Foul Ball, location: 3F
0-1: Foul Ball, location: 23FF
0-2: Ball
1-2: Ball
2-2: Strikes out swinging
Top of the 1st over - 1 run, 1 hit, 0 errors, 2 left on base; Carlton 1 - South Melbourne 0
BOTTOM OF THE 1ST
South Melbourne Swans batting - Pitching for Carlton Blues : RHP Michael Ferguson
Pitching: RHP Michael Ferguson
Batting: LHB Braeden Scarth 0-0: Called Strike
0-1: Hit by Pitch
Batting: RHB Rhett Johnston 0-0: Ball
1-0: SINGLE (Flyball, 9LM, EV 91.3 MPH)
Braeden Scarth to second
Batting: LHB Calvin Ingleby 0-0: Foul Ball, location: 2F
0-1: Ball
1-1: Called Strike
1-2: 3-RUN HOME RUN (Flyball, 9LD, EV 92.5 MPH), Distance : 335 ft
Batting: RHB Kole Palethorpe 0-0: Called Strike
0-1: Foul Ball, location: 9LSF
0-2: Ball
1-2: Foul Ball, location: 7LMF
1-2: Foul Ball, location: 5F
1-2: Strikes out looking
Batting: RHB Hector Gomez 0-0: Called Strike
0-1: Called Strike
0-2: Fly out, F7 (Flyball, 78M, EV 93.8 MPH)
Batting: RHB Jarrod Rudder 0-0: Ball
1-0: Called Strike
1-1: Foul Ball, location: 9LDF
1-2: Ball
2-2: Foul Ball, location: 2F
2-2: Foul Ball, location: 7LMF
2-2: Foul Ball, location: 7LSFF
2-2: Fly out, F9 (Flyball, 89M, EV 83.8 MPH)
Bottom of the 1st over - 3 runs, 2 hits, 0 errors, 0 left on base; Carlton 1 - South Melbourne 3
TOP OF THE 2ND
Carlton Blues batting - Pitching for South Melbourne Swans : RHP Peyton Shackell
Batting: RHB Nick Camira 0-0: Ball
1-0: Called Strike
1-1: Ground out 2-3 (Groundball, 15S, EV 64.4 MPH)
Batting: RHB Donny Creaser 0-0: Called Strike
0-1: Swinging Strike
0-2: Ball
1-2: Ball
2-2: Foul Ball, location: 9LDF
2-2: Ground out 5-3 (Groundball, 56, EV 83.8 MPH)
Batting: RHB Michael Ferguson 0-0: Ball
1-0: Called Strike
1-1: Foul Ball, location: 2F
1-2: Fly out, F8 (Flyball, 8LD, EV 85.6 MPH)
Top of the 2nd over - 0 runs, 0 hits, 0 errors, 0 left on base; Carlton 1 - South Melbourne 3
BOTTOM OF THE 2ND
South Melbourne Swans batting - Pitching for Carlton Blues : RHP Michael Ferguson
Batting: RHB Juan Huezo 0-0: Ball
1-0: Called Strike
1-1: Foul Ball, location: 2F
1-2: Fly out, F5 (Popup, 25, EV 87.5 MPH)
Batting: RHB Mark Goudie 0-0: Ground out 4-3 (Groundball, 34, EV 106.9 MPH)
Batting: RHB Peyton Shackell 0-0: Ball
1-0: SINGLE (Groundball, 5D, EV 95.0 MPH)
Batting: LHB Braeden Scarth 0-0: Called Strike
0-1: Called Strike
0-2: Fly out, F6 (Popup, 6M, EV 60.6 MPH)
Bottom of the 2nd over - 0 runs, 1 hit, 0 errors, 1 left on base; Carlton 1 - South Melbourne 3
TOP OF THE 3RD
Carlton Blues batting - Pitching for South Melbourne Swans : RHP Peyton Shackell
Batting: RHB Ben Brennan 0-0: Foul Ball, location: 2F
0-1: Foul Ball, location: 3SF
0-2: Foul Ball, location: 23F
0-2: Foul Ball, location: 2F
0-2: Ball
1-2: Foul Ball, location: 5FF
1-2: Foul Ball, location: 2F
1-2: Ground out 6-3 (Groundball, 6, EV 87.5 MPH)
Batting: SHB Terry Heath 0-0: Foul Ball, location: 7LSF
0-1: Foul Ball, location: 2F
0-2: Ball
1-2: Foul Ball, location: 2F
1-2: Ball
2-2: Ball
3-2: SINGLE (Line Drive, 7S, EV 97.5 MPH)
Batting: RHB Mick Lees 0-0: Ball
1-0: Foul Ball, location: 9LSF
1-1: Ball
2-1: Foul Ball, location: 2F
2-2: DOUBLE (Line Drive, 89D, EV 105.6 MPH)
Terry Heath to third
Runner from 3rd tries for Home, SAFE, throw by RF to trailing runner, OUT at third! 9-3-5
Batting: LHB Michael Morrall 0-0: Called Strike
0-1: Called Strike
0-2: Ball
1-2: Ball
2-2: Foul Ball, location: 25F
2-2: Foul Ball, location: 2RF
2-2: Ball
3-2: DOUBLE (Line Drive, 5D, EV 98.8 MPH)
Batting: LHB Chris McFadgean 0-0: Ball
1-0: Ball
2-0: Called Strike
2-1: Swinging Strike
2-2: Foul Ball, location: 2F
2-2: Foul Ball, location: 5F
2-2: Strikes out looking
Top of the 3rd over - 1 run, 3 hits, 0 errors, 1 left on base; Carlton 2 - South Melbourne 3
BOTTOM OF THE 3RD
South Melbourne Swans batting - Pitching for Carlton Blues : RHP Michael Ferguson
Batting: RHB Rhett Johnston 0-0: Called Strike
0-1: Ball
1-1: Called Strike
1-2: Hit by Pitch
Batting: LHB Calvin Ingleby 0-0: Called Strike
0-1: Ball
1-1: Ball
2-1: Foul Ball, location: 3F
2-2: Foul Ball, location: 2F
2-2: Foul Ball, location: 2F
2-2: Ball
Wild Pitch!
Rhett Johnston to second
3-2: SINGLE (Line Drive, 8RS, EV 96.9 MPH)
Rhett Johnston to third
Batting: RHB Kole Palethorpe 0-0: Called Strike
0-1: Swinging Strike
0-2: Fly out, F9 (Flyball, 9, EV 89.4 MPH)
Runner from 3rd tags up, OUT at HOME! 9-2
Calvin Ingleby to second
Batting: RHB Hector Gomez 0-0: Called Strike
0-1: Ball
1-1: Swinging Strike
1-2: Ball
2-2: Ball
3-2: SINGLE (Line Drive, 56D, EV 101.9 MPH)
Calvin Ingleby to third
Runner from 3rd tries for Home, SAFE, throw by LF to home
Batting: RHB Jarrod Rudder 0-0: Foul Ball, location: 9LMF
0-1: Ball
1-1: Foul Ball, location: 2F
1-2: Ball
2-2: Foul Ball, location: 2F
2-2: Fly out, F9 (Flyball, 9LM, EV 84.4 MPH)
Bottom of the 3rd over - 1 run, 2 hits, 0 errors, 1 left on base; Carlton 2 - South Melbourne 4
TOP OF THE 4TH
Carlton Blues batting - Pitching for South Melbourne Swans : RHP Peyton Shackell
Batting: LHB Hau Kapena 0-0: SOLO HOME RUN (Flyball, 78XD, EV 101.9 MPH), Distance : 407 ft
Batting: RHB Nick Camira 0-0: Called Strike
0-1: Ball
1-1: Ball
2-1: Ground out 5-3 (Groundball, 5S, EV 61.9 MPH)
Batting: RHB Donny Creaser 0-0: Foul Ball, location: 2F
0-1: Called Strike
0-2: Ball
1-2: Foul Ball, location: 2F
1-2: Strikes out looking
Batting: RHB Michael Ferguson 0-0: Swinging Strike
0-1: Ball
1-1: Fly out, F7 (Flyball, 7, EV 96.3 MPH)
Top of the 4th over - 1 run, 1 hit, 0 errors, 0 left on base; Carlton 3 - South Melbourne 4
BOTTOM OF THE 4TH
South Melbourne Swans batting - Pitching for Carlton Blues : RHP Michael Ferguson
Batting: RHB Juan Huezo 0-0: Called Strike
0-1: Foul Ball, location: 2F
0-2: Ball
1-2: Ball
2-2: Foul Ball, location: 9LMF
2-2: Ball
3-2: Fly out, F8 (Flyball, 8LM, EV 96.9 MPH)
Batting: RHB Mark Goudie 0-0: Ground out 5-3 (Groundball, 5S, EV 87.5 MPH)
Batting: RHB Peyton Shackell 0-0: Ball
1-0: Ground out U3 (Groundball, 3, EV 93.1 MPH)
Bottom of the 4th over - 0 runs, 0 hits, 0 errors, 0 left on base; Carlton 3 - South Melbourne 4
TOP OF THE 5TH
Carlton Blues batting - Pitching for South Melbourne Swans : RHP Peyton Shackell
Batting: RHB Ben Brennan 0-0: Foul Ball, location: 2F
0-1: Foul Ball, location: 9LMF
0-2: SINGLE (Line Drive, 89M, EV 86.9 MPH)
Batting: SHB Terry Heath 0-0: Foul Ball, location: 2F
0-1: Called Strike
0-2: Strikes out looking
Batting: RHB Mick Lees 0-0: Fly out, F9 (Flyball, 9, EV 86.9 MPH)
Batting: LHB Michael Morrall 0-0: Ball
1-0: Swinging Strike
1-1: Foul Ball, location: 2F
1-2: Strikes out looking
Top of the 5th over - 0 runs, 1 hit, 0 errors, 1 left on base; Carlton 3 - South Melbourne 4
BOTTOM OF THE 5TH
South Melbourne Swans batting - Pitching for Carlton Blues : RHP Michael Ferguson
Batting: LHB Braeden Scarth 0-0: Foul Ball, location: 23F
0-1: Foul Ball, location: 2F
0-2: Ball
1-2: Ball
2-2: Strikes out looking
Batting: RHB Rhett Johnston 0-0: Ball
1-0: Ball
2-0: Ground out 6-3 (Groundball, 56, EV 101.9 MPH)
Batting: LHB Calvin Ingleby 0-0: Swinging Strike
0-1: Foul Ball, location: 2F
0-2: Ball
1-2: Ball
2-2: SINGLE (Line Drive, 6MD, EV 102.5 MPH)
Batting: RHB Kole Palethorpe 0-0: Ball
1-0: Swinging Strike
1-1: Foul Ball, location: 2F
1-2: Strikes out swinging
Bottom of the 5th over - 0 runs, 1 hit, 0 errors, 1 left on base; Carlton 3 - South Melbourne 4
TOP OF THE 6TH
Carlton Blues batting - Pitching for South Melbourne Swans : RHP Peyton Shackell
Batting: LHB Chris McFadgean 0-0: Foul Ball, location: 2F
0-1: DOUBLE (Line Drive, 9LM, EV 111.9 MPH)
Batting: LHB Hau Kapena 0-0: Ball
1-0: Foul Ball, location: 9LDF
1-1: Foul Ball, location: 7LMF
1-2: Ball
2-2: SINGLE (Groundball, 4MS, EV 69.4 MPH) (infield hit)
Chris McFadgean to third
Pitching: RHP Elvin Sadler
Batting: RHB Nick Camira 0-0: Ball
1-0: Ball
2-0: Foul Ball, location: 7LDF
2-1: Foul Ball, location: 9LSF
2-2: Ball
3-2: Strikes out swinging
Batting: RHB Donny Creaser 0-0: Called Strike
0-1: Foul Ball, location: 9LDF
0-2: Fly out, F6 (Line Drive, 56, EV 69.4 MPH)
Pinch Hitting: LHB Cane Walburn 0-0: Called Strike
0-1: Ground out 4-3 (Groundball, 4, EV 106.9 MPH)
Top of the 6th over - 0 runs, 2 hits, 0 errors, 2 left on base; Carlton 3 - South Melbourne 4
BOTTOM OF THE 6TH
South Melbourne Swans batting - Pitching for Carlton Blues : RHP Michael Ferguson
Pitching: RHP Jan Skerrett
Batting: RHB Hector Gomez 0-0: Foul Ball, location: 5FF
0-1: Foul Ball, location: 2F
0-2: Ball
1-2: Ground out 6-3 (Groundball, 6S, EV 80.6 MPH)
Batting: RHB Jarrod Rudder 0-0: Ball
1-0: Called Strike
1-1: Foul Ball, location: 9LSF
1-2: Ball
2-2: Ground out 6-3 (Groundball, 6, EV 95.0 MPH)
Batting: RHB Juan Huezo 0-0: Called Strike
0-1: Ground out 6-3 (Groundball, 6D, EV 103.1 MPH)
Bottom of the 6th over - 0 runs, 0 hits, 0 errors, 0 left on base; Carlton 3 - South Melbourne 4
TOP OF THE 7TH
Carlton Blues batting - Pitching for South Melbourne Swans : RHP Elvin Sadler
Batting: RHB Ben Brennan 0-0: Ball
1-0: Called Strike
1-1: Ball
2-1: Called Strike
2-2: Strikes out looking
Batting: SHB Terry Heath 0-0: Called Strike
0-1: Foul Ball, location: 7LMF
0-2: Strikes out looking
Batting: RHB Mick Lees 0-0: Ball
1-0: Foul Ball, location: 25FF
1-1: Ground out 6-3 (Groundball, 4MS, EV 63.1 MPH)
Top of the 7th over - 0 runs, 0 hits, 0 errors, 0 left on base; Carlton 3 - South Melbourne 4
BOTTOM OF THE 7TH
South Melbourne Swans batting - Pitching for Carlton Blues : RHP Jan Skerrett
Batting: RHB Mark Goudie 0-0: Foul Ball, location: 3F
0-1: Ground out 6-3 (Groundball, 6, EV 89.4 MPH)
Pinch Hitting: RHB Logan Maxwell 0-0: Foul Ball, location: 5SF
0-1: Called Strike
0-2: Foul Ball, location: 25FF
0-2: Foul Ball, location: 9LMF
0-2: Ground out 6-3 (Groundball, 6, EV 84.4 MPH)
Batting: LHB Braeden Scarth 0-0: Foul Ball, location: 7LSF
0-1: Ball
1-1: Swinging Strike
1-2: Ball
2-2: Strikes out swinging
Bottom of the 7th over - 0 runs, 0 hits, 0 errors, 0 left on base; Carlton 3 - South Melbourne 4
TOP OF THE 8TH
Carlton Blues batting - Pitching for South Melbourne Swans : RHP Elvin Sadler
Pitching: RHP Colm Curson
Batting: LHB Michael Morrall 0-0: Swinging Strike
0-1: Ball
1-1: Swinging Strike
1-2: Ball
2-2: Strikes out swinging
Pitching: LHP Jory White
Batting: LHB Chris McFadgean 0-0: Swinging Strike
0-1: Foul Ball, location: 3SF
0-2: Foul Ball, location: 7LDF
0-2: Foul Ball, location: 3F
0-2: Ball
1-2: Ball
2-2: Ball
3-2: Fly out, F9 (Flyball, 9LM, EV 79.4 MPH)
Batting: LHB Hau Kapena 0-0: Foul Ball, location: 7LSF
0-1: Foul Ball, location: 2F
0-2: Ball
1-2: Foul Ball, location: 2F
1-2: Ball
2-2: Foul Ball, location: 9LDF
2-2: Ball
3-2: Foul Ball, location: 5SF
3-2: Base on Balls
Batting: RHB Nick Camira 0-0: Ball
1-0: Fielders Choice at 2nd, 6-4 (Groundball, 56, EV 87.5 MPH)
Top of the 8th over - 0 runs, 0 hits, 0 errors, 1 left on base; Carlton 3 - South Melbourne 4
BOTTOM OF THE 8TH
South Melbourne Swans batting - Pitching for Carlton Blues : RHP Jan Skerrett
Batting: RHB Rhett Johnston 0-0: DOUBLE (Flyball, 78XD, EV 95.6 MPH)
Batting: LHB Calvin Ingleby 0-0: Foul Ball, location: 2F
0-1: Ball
1-1: Ball
2-1: Swinging Strike
2-2: Foul Ball, location: 7LDF
2-2: Ball
3-2: Base on Balls
Batting: RHB Kole Palethorpe 0-0: Swinging Strike
0-1: Ball
1-1: Called Strike
1-2: Ball
2-2: Ball
3-2: Foul Ball, location: 23F
3-2: Foul Ball, location: 5FF
3-2: 3-RUN HOME RUN (Flyball, 7LD, EV 95.0 MPH), Distance : 355 ft
Pitching: RHP Clive D'Aeth
Batting: RHB Hector Gomez 0-0: Ball
1-0: Ball
2-0: Fly out, F8 (Flyball, 8RM, EV 88.8 MPH)
Batting: RHB Jarrod Rudder 0-0: Foul Ball, location: 5FF
0-1: Ball
1-1: Foul Ball, location: 3FF
1-2: Ball
2-2: Ball
3-2: Base on Balls
Batting: RHB Juan Huezo 0-0: Ball
1-0: Ball
2-0: Ball
3-0: Base on Balls
Jarrod Rudder to second
Batting: RHB Mark Goudie 0-0: Ball
1-0: Grounds into double play, 5-4-3 (Groundball, 5, EV 82.5 MPH)
Bottom of the 8th over - 3 runs, 2 hits, 0 errors, 1 left on base; Carlton 3 - South Melbourne 7
TOP OF THE 9TH
Carlton Blues batting - Pitching for South Melbourne Swans : LHP Jory White
Batting: RHB Donny Creaser 0-0: Ball
1-0: Ball
2-0: Called Strike
2-1: Called Strike
2-2: Strikes out swinging
Pinch Hitting: RHB Alan Francombe 0-0: Called Strike
0-1: Called Strike
0-2: Foul Ball, location: 9LDF
0-2: Ball
1-2: Strikes out swinging
Batting: RHB Ben Brennan 0-0: Called Strike
0-1: Ball
1-1: Foul Ball, location: 9LSF
1-2: Hit by Pitch
Pinch Runner at 1st Billy Asquith:
Batting: SHB Terry Heath 0-0: Foul Ball, location: 2F
0-1: Foul Ball, location: 2F
0-2: Ball
1-2: Ground out 5-3 (Groundball, 5S, EV 90.0 MPH)
Top of the 9th over - 0 runs, 0 hits, 0 errors, 1 left on base; Carlton 3 - South Melbourne 7
Saturday, May 4th , 2024 - OOTP Baseball 24.9 Build 80